[ PARTIDA AOE2 · #458069683 ]
Team RMPersas vs Saracens
[ ANÁLISIS DE REPETICIÓN · EXTRAÍDO DE LA PARTIDA GRABADA ]
Feudal
12:50
Castillos
22:50
Imperial
34:28
| APM promedio | 25.0 |
| APM pico | 78 |
| eAPM promedio | 13.4 |
| Aldeanos / militares | 135 / 2 |
Foco
⚔️ 10.5% · 🌾 89.5%
Fishing Ship ×12 · Fire Galley ×2
Feudal
10:17
Castillos
17:35
Imperial
27:11
| APM promedio | 19.2 |
| APM pico | 44 |
| eAPM promedio | 13.5 |
| Aldeanos / militares | 89 / 70 |
Foco
⚔️ 30.7% · 🌾 69.3%
Fire Galley ×34 · Demolition Raft ×22 · Fishing Ship ×14 · Spearman ×10 · Trade Cog ×9 · Cannon Galleon ×4
Feudal
11:47
Castillos
23:38
Imperial
42:33
| APM promedio | 25.1 |
| APM pico | 50 |
| eAPM promedio | 16.4 |
| Aldeanos / militares | 117 / 171 |
Foco
⚔️ 39.7% · 🌾 60.3%
Knight ×54 · Fire Galley ×52 · Mameluke ×36 · Scout Cavalry ×25 · Fishing Ship ×13 · Transport Ship ×4
Feudal
12:32
Castillos
19:19
Imperial
—
| APM promedio | 26.6 |
| APM pico | 82 |
| eAPM promedio | 15.1 |
| Aldeanos / militares | 70 / 107 |
Foco
⚔️ 21.3% · 🌾 78.7%
Demolition Raft ×36 · Galley ×31 · Fishing Ship ×23 · Fire Galley ×22 · Trade Cart ×15 · Spearman ×14
Feudal
12:40
Castillos
23:53
Imperial
34:49
| APM promedio | 18.1 |
| APM pico | 32 |
| eAPM promedio | 12.3 |
| Aldeanos / militares | 88 / 145 |
Foco
⚔️ 39.9% · 🌾 60.1%
Longboat ×60 · Berserk ×52 · Fishing Ship ×29 · Fire Galley ×12 · Cannon Galleon ×11 · Spearman ×4
Feudal
12:15
Castillos
21:16
Imperial
41:17
| APM promedio | 23.3 |
| APM pico | 64 |
| eAPM promedio | 13.0 |
| Aldeanos / militares | 91 / 206 |
Foco
⚔️ 42.0% · 🌾 58.0%
Galley ×109 · Archer ×60 · Fishing Ship ×47 · Demolition Raft ×34 · Unknown (2626) ×12 · Bombard Cannon ×2
Mapa de la partida
Recursos al inicio + cada clic de construcción. Línea gruesa = muro · recuadro discontinuo = muro de casas detectado. 🟡 oro · ⚪ piedra · 🟢 bayas · 🔶 jabalí · ⭕ reliquia
Tu base· ✓ Cerrada en 22:50 · 53t muro
Base de Prof. Dr. Goethe Cakar· ✓ Cerrada en 17:35 · 0t muro
Base de duduh69· ✓ Cerrada en 23:38 · 0t muro
Base de ultrAslan68i· ✓ Cerrada en 19:19 · 0t muro
Base de SAPOSECO· ✓ Cerrada en 23:53 · 0t muro
Base de TioMg100· ✓ Cerrada en 21:16 · 10t muro
Terreno con relieve · ⚠ = hueco de muro detectado · pasá el cursor para detalles
Inputs por minuto
— Koka Hunter - - Prof. Dr. Goethe Cakar
Build order — Koka Hunter
Primeras 150 de 279 acciones detectadas
| 0:07 | Construir | House |
| 0:10 | Construir | House |
| 2:07 | Construir | Dock |
| 4:04 | Construir | Town Center |
| 5:04 | Crear | Villager (Male) |
| 5:04 | Crear | Villager (Male) |
| 5:04 | Crear | Villager (Male) |
| 5:05 | Crear | Villager (Male) |
| 5:05 | Crear | Villager (Male) |
| 5:39 | Crear | Fishing Ship |
| 5:39 | Crear | Fishing Ship |
| 6:06 | Crear | Villager (Male) |
| 6:35 | Construir | House |
| 6:36 | Construir | House |
| 6:37 | Construir | House |
| 6:42 | Crear | Villager (Male) |
| 6:42 | Crear | Villager (Male) |
| 7:13 | Crear | Villager (Male) |
| 7:14 | Crear | Villager (Male) |
| 7:14 | Crear | Villager (Male) |
| 7:24 | Construir | Mill |
| 7:42 | Crear | Villager (Male) |
| 8:02 | Crear | Fishing Ship |
| 8:02 | Crear | Fishing Ship |
| 8:23 | Crear | Villager (Male) |
| 8:23 | Crear | Villager (Male) |
| 8:46 | Crear | Villager (Male) |
| 8:46 | Crear | Villager (Male) |
| 8:59 | Crear | Fishing Ship |
| 8:59 | Crear | Fishing Ship |
| 9:41 | Crear | Fishing Ship |
| 9:41 | Crear | Fishing Ship |
| 9:42 | Crear | Fishing Ship |
| 10:04 | Crear | Fishing Ship |
| 10:05 | Crear | Fishing Ship |
| 10:46 | Investigar | Feudal Age |
| 10:46 | Investigar | Feudal Age |
| 10:52 | Crear | Fishing Ship |
| 11:12 | Construir | Palisade Wall |
| 11:24 | Construir | Palisade Wall |
| 11:47 | Construir | Palisade Wall |
| 12:01 | Construir | Palisade Wall |
| 12:20 | Investigar | Loom |
| 12:50 | Edad | Edad Feudal |
| 12:52 | Crear | Villager (Male) |
| 12:53 | Crear | Villager (Male) |
| 12:55 | Investigar | Wheelbarrow |
| 12:59 | Crear | Villager (Male) |
| 13:00 | Crear | Villager (Male) |
| 13:04 | Construir | House |
| 13:06 | Construir | House |
| 13:07 | Construir | House |
| 13:19 | Crear | Villager (Male) |
| 13:19 | Crear | Villager (Male) |
| 13:39 | Crear | Villager (Male) |
| 13:39 | Crear | Villager (Male) |
| 14:18 | Construir | Lumber Camp |
| 14:24 | Crear | Villager (Male) |
| 14:24 | Crear | Villager (Male) |
| 15:07 | Crear | Villager (Male) |
| 15:08 | Crear | Villager (Male) |
| 15:24 | Crear | Fire Galley |
| 16:16 | Crear | Villager (Male) |
| 16:16 | Crear | Villager (Male) |
| 16:16 | Crear | Villager (Male) |
| 16:33 | Construir | Market |
| 16:39 | Crear | Villager (Male) |
| 16:39 | Crear | Villager (Male) |
| 16:40 | Crear | Villager (Male) |
| 16:51 | Crear | Fire Galley |
| 17:05 | Construir | Mining Camp |
| 17:19 | Construir | Farm |
| 17:19 | Construir | Farm |
| 17:20 | Construir | Farm |
| 18:04 | Investigar | Double-Bit Axe |
| 18:04 | Investigar | Double-Bit Axe |
| 18:22 | Construir | Blacksmith |
| 20:11 | Investigar | Castle Age |
| 20:12 | Investigar | Castle Age |
| 21:03 | Construir | Farm |
| 21:03 | Construir | Farm |
| 21:03 | Construir | Farm |
| 21:04 | Construir | Farm |
| 21:04 | Construir | Farm |
| 21:05 | Construir | Farm |
| 21:05 | Construir | Farm |
| 21:05 | Construir | Farm |
| 21:35 | Crear | Villager (Male) |
| 21:41 | Construir | Farm |
| 21:41 | Construir | Farm |
| 21:42 | Construir | Farm |
| 21:42 | Construir | Farm |
| 21:43 | Construir | Farm |
| 21:43 | Construir | Farm |
| 22:43 | Investigar | Stone Mining |
| 22:44 | Investigar | Gold Mining |
| 22:50 | Edad | Edad de los Castillos |
| 23:11 | Construir | University |
| 23:18 | Crear | Villager (Male) |
| 23:18 | Crear | Villager (Male) |
| 23:19 | Crear | Villager (Male) |
| 23:39 | Construir | Monastery |
| 23:44 | Crear | Villager (Male) |
| 23:44 | Crear | Villager (Male) |
| 23:45 | Crear | Villager (Male) |
| 23:45 | Crear | Villager (Male) |
| 24:16 | Construir | Stone Wall |
| 24:54 | Construir | Stone Wall |
| 24:58 | Crear | Villager (Male) |
| 24:58 | Crear | Villager (Male) |
| 24:58 | Crear | Villager (Male) |
| 25:28 | Construir | House |
| 25:29 | Construir | House |
| 25:29 | Construir | House |
| 25:30 | Construir | House |
| 25:32 | Construir | House |
| 25:33 | Construir | House |
| 25:34 | Construir | House |
| 25:34 | Construir | House |
| 25:37 | Crear | Villager (Male) |
| 25:37 | Crear | Villager (Male) |
| 25:38 | Crear | Villager (Male) |
| 25:38 | Crear | Villager (Male) |
| 25:38 | Crear | Villager (Male) |
| 25:55 | Construir | Mining Camp |
| 26:04 | Construir | Stone Wall |
| 26:08 | Crear | Villager (Male) |
| 26:09 | Crear | Villager (Male) |
| 26:14 | Investigar | Hand Cart |
| 26:19 | Crear | Villager (Male) |
| 26:19 | Crear | Villager (Male) |
| 26:19 | Crear | Villager (Male) |
| 26:19 | Crear | Villager (Male) |
| 26:20 | Crear | Villager (Male) |
| 26:37 | Construir | Castle |
| 26:49 | Crear | Villager (Male) |
| 26:50 | Crear | Villager (Male) |
| 27:10 | Investigar | Bow Saw |
| 27:10 | Investigar | Bow Saw |
| 27:18 | Investigar | Horse Collar |
| 27:18 | Investigar | Horse Collar |
| 27:36 | Investigar | Stone Shaft Mining |
| 27:43 | Crear | Villager (Male) |
| 27:43 | Crear | Villager (Male) |
| 27:55 | Construir | Town Center |
| 28:36 | Crear | Villager (Male) |
| 28:36 | Crear | Villager (Male) |
| 28:37 | Crear | Villager (Male) |
| 30:08 | Construir | Stone Wall |
| 30:29 | Construir | Stone Wall |
Build order — Prof. Dr. Goethe Cakar
Primeras 150 de 257 acciones detectadas
| 0:25 | Construir | House |
| 0:26 | Construir | House |
| 0:27 | Construir | House |
| 0:28 | Construir | House |
| 1:40 | Construir | Town Center |
| 2:25 | Crear | Villager (Male) |
| 2:25 | Crear | Villager (Male) |
| 2:26 | Crear | Villager (Male) |
| 2:26 | Crear | Villager (Male) |
| 2:26 | Crear | Villager (Male) |
| 2:27 | Investigar | Loom |
| 3:17 | Construir | Dock |
| 3:51 | Crear | Villager (Male) |
| 3:51 | Crear | Villager (Male) |
| 3:58 | Crear | Fishing Ship |
| 4:04 | Crear | Fishing Ship |
| 4:22 | Crear | Villager (Male) |
| 4:44 | Crear | Fishing Ship |
| 5:12 | Crear | Villager (Male) |
| 5:12 | Crear | Villager (Male) |
| 5:22 | Construir | Lumber Camp |
| 5:29 | Crear | Villager (Male) |
| 5:29 | Crear | Villager (Male) |
| 5:40 | Crear | Fishing Ship |
| 6:01 | Crear | Villager (Male) |
| 6:01 | Crear | Villager (Male) |
| 6:19 | Crear | Fishing Ship |
| 6:49 | Crear | Fishing Ship |
| 7:23 | Crear | Fishing Ship |
| 7:27 | Crear | Villager (Male) |
| 7:38 | Construir | House |
| 7:40 | Construir | House |
| 7:44 | Construir | House |
| 7:45 | Construir | House |
| 8:07 | Investigar | Feudal Age |
| 8:14 | Construir | Mill |
| 8:36 | Construir | Mining Camp |
| 8:49 | Crear | Fishing Ship |
| 9:24 | Construir | Mining Camp |
| 9:36 | Crear | Villager (Male) |
| 9:36 | Crear | Villager (Male) |
| 9:36 | Crear | Villager (Male) |
| 9:37 | Crear | Villager (Male) |
| 9:38 | Crear | Villager (Male) |
| 9:48 | Construir | House |
| 9:50 | Construir | House |
| 9:51 | Construir | House |
| 9:58 | Crear | Fishing Ship |
| 10:17 | Edad | Edad Feudal |
| 10:19 | Investigar | Double-Bit Axe |
| 10:28 | Crear | Fishing Ship |
| 11:11 | Construir | Dock |
| 11:37 | Construir | Mining Camp |
| 11:44 | Crear | Villager (Male) |
| 11:44 | Crear | Villager (Male) |
| 11:45 | Investigar | Wheelbarrow |
| 12:16 | Investigar | Tech 906 |
| 12:35 | Crear | Fishing Ship |
| 13:20 | Construir | Market |
| 14:16 | Construir | Blacksmith |
| 14:26 | Crear | Villager (Male) |
| 14:39 | Crear | Fishing Ship |
| 14:55 | Investigar | Castle Age |
| 15:07 | Crear | Villager (Male) |
| 15:07 | Crear | Villager (Male) |
| 15:08 | Crear | Villager (Male) |
| 15:08 | Crear | Villager (Male) |
| 15:16 | Crear | Villager (Male) |
| 15:57 | Crear | Fishing Ship |
| 15:58 | Crear | Fishing Ship |
| 16:09 | Construir | Farm |
| 16:10 | Construir | Farm |
| 16:11 | Construir | Farm |
| 16:14 | Investigar | Horse Collar |
| 16:28 | Construir | House |
| 16:30 | Construir | House |
| 16:31 | Construir | House |
| 16:59 | Crear | Trade Cog |
| 16:59 | Crear | Trade Cog |
| 16:59 | Crear | Trade Cog |
| 16:59 | Crear | Trade Cog |
| 17:35 | Edad | Edad de los Castillos |
| 17:50 | Construir | Town Center |
| 18:09 | Investigar | Bow Saw |
| 18:49 | Crear | Fire Galley |
| 18:51 | Crear | Fire Galley |
| 19:13 | Investigar | War Galley (upgrade) |
| 19:18 | Crear | Villager (Male) |
| 19:19 | Crear | Villager (Male) |
| 19:19 | Crear | Villager (Male) |
| 19:26 | Investigar | Gold Mining |
| 19:36 | Crear | Villager (Male) |
| 19:36 | Crear | Villager (Male) |
| 19:41 | Crear | Villager (Male) |
| 19:41 | Crear | Villager (Male) |
| 19:41 | Crear | Villager (Male) |
| 19:53 | Crear | Trade Cog |
| 19:53 | Crear | Trade Cog |
| 20:11 | Investigar | Gillnets |
| 20:38 | Construir | House |
| 21:08 | Construir | Dock |
| 21:10 | Construir | Dock |
| 21:18 | Crear | Villager (Male) |
| 21:18 | Crear | Villager (Male) |
| 21:20 | Investigar | Hand Cart |
| 21:31 | Construir | House |
| 21:43 | Construir | University |
| 21:47 | Crear | Villager (Male) |
| 21:47 | Crear | Villager (Male) |
| 22:04 | Construir | Lumber Camp |
| 22:11 | Crear | Fire Galley |
| 22:11 | Crear | Fire Galley |
| 22:11 | Crear | Fire Galley |
| 22:11 | Crear | Fire Galley |
| 22:34 | Construir | Watch Tower |
| 22:41 | Crear | Fire Galley |
| 22:41 | Crear | Fire Galley |
| 22:41 | Crear | Fire Galley |
| 22:41 | Crear | Fire Galley |
| 23:18 | Crear | Fire Galley |
| 23:18 | Crear | Fire Galley |
| 23:18 | Crear | Fire Galley |
| 23:18 | Crear | Fire Galley |
| 23:19 | Crear | Fire Galley |
| 23:19 | Crear | Fire Galley |
| 24:01 | Investigar | Imperial Age |
| 24:08 | Construir | Farm |
| 24:09 | Construir | Farm |
| 24:10 | Construir | Farm |
| 24:16 | Crear | Villager (Male) ×5 |
| 24:17 | Crear | Villager (Male) ×5 |
| 24:17 | Crear | Villager (Male) ×5 |
| 24:17 | Crear | Villager (Male) |
| 25:15 | Investigar | Careening |
| 25:17 | Investigar | Tech 908 |
| 25:20 | Crear | Fire Galley |
| 25:20 | Crear | Fire Galley |
| 25:20 | Crear | Fire Galley |
| 25:21 | Crear | Fire Galley |
| 25:21 | Crear | Fire Galley |
| 25:21 | Crear | Fire Galley |
| 25:41 | Construir | House |
| 25:50 | Construir | House |
| 26:20 | Investigar | Tech 905 |
| 26:32 | Crear | Fire Galley |
| 26:33 | Crear | Fire Galley |
| 26:33 | Crear | Fire Galley |
| 26:33 | Crear | Fire Galley |
| 26:33 | Crear | Fire Galley |
| 26:33 | Crear | Fire Galley |
Build order — duduh69
Primeras 150 de 452 acciones detectadas
| 0:11 | Construir | House |
| 0:12 | Construir | House |
| 1:18 | Construir | Dock |
| 2:29 | Crear | Transport Ship |
| 2:29 | Crear | Transport Ship |
| 2:34 | Crear | Fishing Ship |
| 2:34 | Crear | Fishing Ship |
| 2:34 | Crear | Fishing Ship |
| 2:55 | Construir | Town Center |
| 3:53 | Crear | Villager (Male) |
| 3:54 | Crear | Villager (Male) |
| 3:54 | Crear | Villager (Male) |
| 3:54 | Crear | Villager (Male) |
| 4:06 | Crear | Fishing Ship |
| 4:31 | Crear | Fishing Ship |
| 4:40 | Construir | House |
| 4:42 | Construir | House |
| 4:42 | Construir | House |
| 5:28 | Crear | Fishing Ship |
| 5:28 | Crear | Fishing Ship |
| 5:35 | Crear | Villager (Male) |
| 5:35 | Crear | Villager (Male) |
| 6:14 | Crear | Villager (Male) |
| 6:14 | Crear | Villager (Male) |
| 6:18 | Investigar | Loom |
| 6:24 | Crear | Fishing Ship |
| 6:50 | Crear | Villager (Male) |
| 6:50 | Crear | Villager (Male) |
| 6:51 | Crear | Villager (Male) |
| 7:19 | Crear | Villager (Male) |
| 7:23 | Crear | Fishing Ship |
| 8:02 | Crear | Villager (Male) |
| 8:04 | Crear | Fishing Ship |
| 8:29 | Construir | Mill |
| 8:46 | Crear | Villager (Male) |
| 9:04 | Construir | House |
| 9:14 | Crear | Villager (Male) |
| 9:37 | Investigar | Feudal Age |
| 9:48 | Construir | Barracks |
| 9:51 | Construir | House |
| 10:39 | Construir | Dock |
| 10:59 | Construir | Dock |
| 11:47 | Edad | Edad Feudal |
| 11:52 | Investigar | Double-Bit Axe |
| 11:53 | Investigar | Horse Collar |
| 12:15 | Construir | Stable |
| 12:27 | Construir | Stable |
| 12:32 | Construir | House |
| 12:33 | Construir | House |
| 12:35 | Construir | House |
| 12:37 | Crear | Villager (Male) |
| 12:38 | Crear | Villager (Male) |
| 12:38 | Crear | Villager (Male) |
| 12:45 | Crear | Fire Galley |
| 12:45 | Crear | Fire Galley |
| 12:55 | Construir | Mining Camp |
| 13:03 | Crear | Villager (Male) |
| 13:09 | Construir | House |
| 13:10 | Construir | House |
| 13:11 | Construir | House |
| 13:11 | Construir | House |
| 13:11 | Construir | House |
| 13:17 | Crear | Villager (Male) |
| 13:17 | Crear | Villager (Male) |
| 13:18 | Crear | Villager (Male) |
| 13:19 | Crear | Villager (Male) |
| 13:19 | Crear | Villager (Male) |
| 13:50 | Construir | House |
| 13:52 | Construir | House |
| 14:05 | Crear | Scout Cavalry |
| 14:05 | Crear | Scout Cavalry |
| 14:05 | Crear | Scout Cavalry |
| 14:31 | Crear | Scout Cavalry |
| 14:49 | Investigar | Tech 906 |
| 14:52 | Crear | Fishing Ship |
| 14:52 | Crear | Fishing Ship |
| 15:06 | Crear | Transport Ship |
| 15:06 | Crear | Transport Ship |
| 15:14 | Crear | Fishing Ship |
| 15:21 | Crear | Villager (Male) |
| 15:21 | Crear | Villager (Male) |
| 15:22 | Crear | Villager (Male) |
| 16:02 | Crear | Scout Cavalry |
| 16:02 | Crear | Scout Cavalry |
| 16:18 | Construir | House |
| 16:19 | Construir | House |
| 16:19 | Construir | House |
| 16:20 | Construir | House |
| 16:20 | Construir | House |
| 16:26 | Construir | Dock |
| 16:52 | Crear | Villager (Male) |
| 16:53 | Crear | Villager (Male) |
| 17:57 | Construir | Lumber Camp |
| 18:00 | Investigar | Bloodlines |
| 18:02 | Crear | Villager (Male) |
| 18:21 | Construir | Lumber Camp |
| 18:23 | Crear | Villager (Male) |
| 18:52 | Construir | Market |
| 19:14 | Crear | Fire Galley |
| 19:14 | Crear | Fire Galley |
| 19:15 | Crear | Fire Galley |
| 19:15 | Crear | Fire Galley |
| 19:15 | Crear | Fire Galley |
| 19:15 | Crear | Fire Galley |
| 19:16 | Crear | Fire Galley |
| 19:18 | Crear | Villager (Male) |
| 19:19 | Investigar | Wheelbarrow |
| 19:45 | Construir | Blacksmith |
| 20:47 | Crear | Fire Galley |
| 20:48 | Crear | Fire Galley |
| 20:48 | Crear | Fire Galley |
| 20:48 | Crear | Fire Galley |
| 20:48 | Crear | Fire Galley |
| 20:49 | Crear | Fire Galley |
| 20:49 | Crear | Fire Galley |
| 20:58 | Investigar | Castle Age |
| 21:44 | Crear | Fire Galley |
| 21:44 | Crear | Fire Galley |
| 21:45 | Crear | Fire Galley |
| 21:45 | Crear | Fire Galley |
| 21:45 | Crear | Fire Galley |
| 21:55 | Construir | House |
| 21:56 | Construir | House |
| 22:03 | Crear | Fire Galley |
| 22:03 | Crear | Fire Galley |
| 22:03 | Crear | Fire Galley |
| 22:56 | Construir | Stable |
| 22:57 | Construir | Stable |
| 23:18 | Construir | Mining Camp |
| 23:28 | Construir | House |
| 23:29 | Construir | House |
| 23:29 | Construir | House |
| 23:30 | Construir | House |
| 23:38 | Edad | Edad de los Castillos |
| 23:47 | Investigar | Husbandry |
| 23:49 | Investigar | Scale Barding Armor |
| 23:49 | Investigar | Forging |
| 23:51 | Crear | Knight |
| 23:51 | Crear | Knight |
| 23:51 | Crear | Knight |
| 23:52 | Crear | Knight |
| 23:52 | Crear | Knight |
| 24:24 | Investigar | Gold Mining |
| 24:28 | Crear | Knight |
| 24:28 | Crear | Knight |
| 24:50 | Construir | Town Center |
| 25:01 | Construir | Castle |
| 25:03 | Construir | Mining Camp |
| 25:06 | Crear | Knight |
| 25:06 | Crear | Knight |
Build order — ultrAslan68i
Primeras 150 de 274 acciones detectadas
| 0:13 | Construir | House |
| 0:14 | Construir | House |
| 0:14 | Construir | House |
| 0:16 | Construir | House |
| 0:17 | Construir | House |
| 2:07 | Construir | Town Center |
| 2:58 | Crear | Villager (Male) |
| 2:59 | Crear | Villager (Male) |
| 2:59 | Crear | Villager (Male) |
| 2:59 | Crear | Villager (Male) |
| 3:00 | Crear | Villager (Male) |
| 4:07 | Construir | Dock |
| 4:10 | Crear | Villager (Male) |
| 4:10 | Crear | Villager (Male) |
| 5:05 | Construir | Dock |
| 5:17 | Crear | Villager (Male) |
| 5:17 | Crear | Villager (Male) |
| 5:29 | Crear | Villager (Male) |
| 5:29 | Crear | Villager (Male) |
| 5:32 | Crear | Fishing Ship |
| 5:33 | Crear | Fishing Ship |
| 6:07 | Crear | Villager (Male) |
| 6:07 | Crear | Villager (Male) |
| 6:22 | Crear | Fishing Ship |
| 6:23 | Crear | Fishing Ship |
| 6:23 | Crear | Fishing Ship |
| 6:33 | Crear | Fishing Ship |
| 6:34 | Crear | Fishing Ship |
| 6:45 | Crear | Villager (Male) |
| 6:45 | Crear | Villager (Male) |
| 7:00 | Crear | Villager (Male) |
| 7:01 | Crear | Villager (Male) |
| 7:06 | Crear | Fishing Ship |
| 7:06 | Crear | Fishing Ship |
| 7:06 | Crear | Fishing Ship |
| 7:18 | Crear | Villager (Male) |
| 7:18 | Crear | Villager (Male) |
| 7:34 | Crear | Villager (Male) |
| 7:53 | Crear | Villager (Male) |
| 7:53 | Crear | Villager (Male) |
| 7:56 | Crear | Fishing Ship |
| 7:56 | Crear | Fishing Ship |
| 7:57 | Crear | Fishing Ship |
| 8:10 | Construir | House |
| 8:11 | Construir | House |
| 8:12 | Construir | House |
| 8:14 | Construir | House |
| 8:17 | Crear | Villager (Male) |
| 8:17 | Crear | Villager (Male) |
| 8:34 | Crear | Fishing Ship |
| 8:34 | Crear | Fishing Ship |
| 8:40 | Crear | Fishing Ship |
| 8:40 | Crear | Fishing Ship |
| 9:20 | Construir | Lumber Camp |
| 9:24 | Construir | Mill |
| 9:34 | Crear | Fishing Ship |
| 9:35 | Crear | Fishing Ship |
| 9:50 | Crear | Fishing Ship |
| 10:22 | Investigar | Feudal Age |
| 10:23 | Investigar | Feudal Age |
| 10:28 | Construir | House |
| 10:29 | Construir | House |
| 10:34 | Construir | House |
| 10:36 | Construir | House |
| 10:39 | Construir | House |
| 10:42 | Construir | House |
| 10:44 | Construir | House |
| 10:45 | Construir | House |
| 10:53 | Crear | Fishing Ship |
| 10:54 | Crear | Fishing Ship |
| 10:54 | Crear | Fishing Ship |
| 11:31 | Construir | Dock |
| 12:00 | Construir | Dock |
| 12:32 | Edad | Edad Feudal |
| 12:33 | Investigar | Double-Bit Axe |
| 12:36 | Investigar | Tech 906 |
| 12:36 | Investigar | Tech 906 |
| 12:39 | Crear | Villager (Male) |
| 12:39 | Crear | Villager (Male) |
| 12:40 | Crear | Villager (Male) |
| 12:40 | Crear | Villager (Male) |
| 12:40 | Crear | Villager (Male) |
| 12:41 | Crear | Villager (Male) |
| 12:52 | Construir | Blacksmith |
| 13:36 | Construir | Market |
| 14:07 | Crear | Villager (Male) |
| 14:07 | Crear | Villager (Male) |
| 14:10 | Investigar | Wheelbarrow |
| 14:30 | Construir | Mining Camp |
| 14:54 | Crear | Unit 2626 |
| 14:54 | Crear | Unit 2626 |
| 14:55 | Crear | Unit 2626 |
| 15:04 | Crear | Galley |
| 15:04 | Crear | Galley |
| 15:59 | Crear | Unit 2626 |
| 15:59 | Crear | Unit 2626 |
| 15:59 | Crear | Unit 2626 |
| 16:00 | Crear | Unit 2626 |
| 16:00 | Crear | Unit 2626 |
| 16:39 | Investigar | Castle Age |
| 16:39 | Investigar | Castle Age |
| 17:13 | Crear | Trade Cog |
| 17:13 | Crear | Trade Cog |
| 17:23 | Construir | Farm |
| 17:23 | Construir | Farm |
| 17:24 | Construir | Farm |
| 17:25 | Construir | Farm |
| 17:25 | Construir | Farm |
| 17:26 | Construir | Farm |
| 17:46 | Crear | Trade Cog |
| 17:46 | Crear | Trade Cog |
| 19:19 | Edad | Edad de los Castillos |
| 19:44 | Construir | Town Center |
| 19:47 | Crear | Villager (Male) |
| 19:47 | Crear | Villager (Male) |
| 19:48 | Crear | Villager (Male) |
| 19:48 | Crear | Villager (Male) |
| 19:48 | Crear | Villager (Male) |
| 21:33 | Investigar | War Galley (upgrade) |
| 21:40 | Crear | Galley ×5 |
| 21:40 | Crear | Galley ×5 |
| 21:40 | Crear | Galley ×5 |
| 21:59 | Crear | Galley ×2 |
| 21:59 | Crear | Galley ×2 |
| 22:32 | Investigar | Gillnets |
| 22:35 | Crear | Villager (Male) |
| 22:35 | Crear | Villager (Male) |
| 22:35 | Crear | Villager (Male) |
| 22:36 | Crear | Villager (Male) |
| 22:36 | Crear | Villager (Male) |
| 22:36 | Crear | Villager (Male) |
| 22:38 | Investigar | Bow Saw |
| 22:38 | Investigar | Bow Saw |
| 22:40 | Investigar | Horse Collar |
| 22:40 | Investigar | Horse Collar |
| 23:50 | Crear | Galley ×5 |
| 23:50 | Crear | Galley ×5 |
| 24:12 | Investigar | Fletching |
| 24:32 | Crear | Fire Galley ×5 |
| 24:33 | Crear | Fire Galley ×5 |
| 25:33 | Crear | Fire Galley ×5 |
| 25:33 | Crear | Fire Galley ×5 |
| 25:33 | Crear | Fire Galley ×2 |
| 27:04 | Construir | University |
| 27:07 | Construir | Monastery |
| 28:12 | Crear | Villager (Male) |
| 28:12 | Crear | Villager (Male) |
| 28:12 | Crear | Villager (Male) |
| 28:13 | Crear | Villager (Male) |
| 28:13 | Crear | Villager (Male) |
Build order — SAPOSECO
Primeras 150 de 369 acciones detectadas
| 0:40 | Construir | House |
| 0:42 | Construir | House |
| 1:09 | Construir | Dock |
| 1:45 | Crear | Fishing Ship |
| 3:24 | Construir | Town Center |
| 4:26 | Crear | Villager (Male) |
| 4:27 | Crear | Villager (Male) |
| 4:27 | Crear | Villager (Male) |
| 4:50 | Crear | Fishing Ship |
| 5:25 | Crear | Villager (Male) |
| 5:25 | Crear | Villager (Male) |
| 5:26 | Crear | Villager (Male) |
| 5:45 | Construir | House |
| 5:46 | Construir | House |
| 5:52 | Crear | Fishing Ship |
| 6:25 | Crear | Villager (Male) |
| 6:25 | Crear | Villager (Male) |
| 6:26 | Crear | Villager (Male) |
| 6:39 | Construir | Mill |
| 6:56 | Crear | Villager (Male) |
| 7:10 | Crear | Fishing Ship |
| 7:55 | Crear | Fishing Ship |
| 8:18 | Crear | Villager (Male) |
| 8:21 | Crear | Fishing Ship |
| 8:36 | Crear | Villager (Male) |
| 8:52 | Construir | Mining Camp |
| 8:57 | Crear | Villager (Male) |
| 9:00 | Crear | Fishing Ship |
| 9:35 | Construir | House |
| 9:37 | Construir | House |
| 9:44 | Construir | House |
| 10:22 | Construir | Dock |
| 10:29 | Investigar | Feudal Age |
| 10:52 | Construir | Barracks |
| 10:55 | Crear | Villager (Male) |
| 10:56 | Crear | Villager (Male) |
| 11:34 | Crear | Villager (Male) |
| 11:35 | Crear | Villager (Male) |
| 12:02 | Construir | Dock |
| 12:08 | Crear | Fishing Ship |
| 12:10 | Crear | Fishing Ship |
| 12:13 | Crear | Fishing Ship |
| 12:13 | Crear | Fishing Ship |
| 12:40 | Edad | Edad Feudal |
| 12:43 | Crear | Villager (Male) |
| 12:44 | Crear | Villager (Male) |
| 12:46 | Investigar | Horse Collar |
| 12:51 | Construir | Mill |
| 13:13 | Construir | Lumber Camp |
| 13:21 | Investigar | Gold Mining |
| 13:22 | Investigar | Stone Mining |
| 13:42 | Crear | Fire Galley |
| 13:56 | Crear | Villager (Male) |
| 13:57 | Crear | Villager (Male) |
| 14:00 | Crear | Spearman |
| 14:01 | Crear | Spearman |
| 14:16 | Crear | Fishing Ship |
| 14:16 | Crear | Fishing Ship |
| 14:22 | Crear | Fire Galley |
| 14:50 | Construir | Mining Camp |
| 14:59 | Construir | House |
| 15:00 | Construir | House |
| 15:01 | Construir | House |
| 15:01 | Construir | House |
| 15:45 | Crear | Villager (Male) |
| 15:45 | Crear | Villager (Male) |
| 15:46 | Crear | Villager (Male) |
| 15:48 | Crear | Fishing Ship |
| 15:48 | Crear | Fishing Ship |
| 16:08 | Crear | Spearman |
| 16:09 | Crear | Spearman |
| 16:14 | Construir | Farm |
| 16:15 | Construir | Farm |
| 16:16 | Construir | Farm |
| 16:17 | Construir | Farm |
| 16:33 | Construir | Farm |
| 16:35 | Crear | Villager (Male) |
| 16:36 | Crear | Villager (Male) |
| 17:03 | Crear | Fishing Ship |
| 17:03 | Crear | Fishing Ship |
| 17:04 | Crear | Fishing Ship |
| 17:17 | Crear | Fishing Ship |
| 17:17 | Crear | Fishing Ship |
| 17:48 | Construir | Market |
| 17:54 | Crear | Villager (Male) |
| 17:54 | Crear | Villager (Male) |
| 18:23 | Crear | Fishing Ship |
| 18:23 | Crear | Fishing Ship |
| 18:25 | Crear | Fire Galley |
| 18:25 | Crear | Fire Galley |
| 18:34 | Crear | Villager (Male) |
| 18:34 | Crear | Villager (Male) |
| 18:35 | Investigar | Double-Bit Axe |
| 19:00 | Crear | Fire Galley |
| 19:00 | Crear | Fire Galley |
| 19:09 | Construir | House |
| 19:12 | Construir | House |
| 19:19 | Crear | Fire Galley |
| 19:19 | Crear | Fire Galley |
| 19:42 | Construir | Blacksmith |
| 19:57 | Crear | Fire Galley |
| 19:57 | Crear | Fire Galley |
| 20:23 | Crear | Villager (Male) |
| 20:23 | Crear | Villager (Male) |
| 20:28 | Construir | House |
| 21:07 | Investigar | Castle Age |
| 21:12 | Construir | Stable |
| 21:38 | Crear | Galley |
| 21:38 | Crear | Galley |
| 21:39 | Crear | Fire Galley |
| 21:39 | Crear | Fire Galley |
| 21:54 | Crear | Villager (Male) |
| 21:54 | Crear | Villager (Male) |
| 22:00 | Construir | Stable |
| 22:28 | Construir | House |
| 22:30 | Construir | House |
| 22:31 | Construir | House |
| 23:44 | Crear | Villager (Male) |
| 23:44 | Crear | Villager (Male) |
| 23:44 | Crear | Villager (Male) |
| 23:53 | Edad | Edad de los Castillos |
| 23:59 | Construir | Town Center |
| 24:07 | Construir | Town Center |
| 24:42 | Investigar | Tech 906 |
| 24:43 | Investigar | Tech 906 |
| 24:46 | Crear | Longboat |
| 24:46 | Crear | Longboat |
| 24:46 | Crear | Longboat |
| 24:46 | Crear | Longboat |
| 24:47 | Crear | Longboat |
| 24:52 | Crear | Longboat |
| 24:52 | Crear | Longboat |
| 24:52 | Crear | Longboat |
| 25:02 | Crear | Monk |
| 25:15 | Crear | Villager (Male) |
| 25:15 | Crear | Villager (Male) |
| 25:15 | Crear | Villager (Male) |
| 25:23 | Crear | Villager (Male) |
| 25:24 | Crear | Villager (Male) |
| 25:27 | Investigar | Bow Saw |
| 25:30 | Investigar | Heavy Plow |
| 25:52 | Crear | Villager (Male) |
| 25:52 | Crear | Villager (Male) |
| 25:59 | Investigar | Stone Mining |
| 26:11 | Crear | Longboat |
| 26:12 | Crear | Longboat |
| 26:12 | Crear | Longboat |
| 26:12 | Crear | Longboat |
| 26:12 | Crear | Longboat |
| 26:19 | Crear | Villager (Male) |
Build order — TioMg100
Primeras 150 de 318 acciones detectadas
| 0:22 | Construir | Dock |
| 0:25 | Construir | House |
| 2:23 | Construir | Town Center |
| 2:29 | Crear | Fishing Ship |
| 2:30 | Crear | Fishing Ship |
| 2:54 | Construir | House |
| 2:58 | Construir | House |
| 3:00 | Construir | House |
| 3:02 | Construir | House |
| 3:49 | Crear | Villager (Male) |
| 3:49 | Crear | Villager (Male) |
| 3:50 | Crear | Villager (Male) |
| 3:50 | Crear | Villager (Male) |
| 3:50 | Crear | Villager (Male) |
| 5:27 | Crear | Villager (Male) |
| 5:34 | Crear | Fishing Ship |
| 5:34 | Crear | Fishing Ship |
| 5:34 | Crear | Fishing Ship |
| 5:34 | Crear | Fishing Ship |
| 5:35 | Crear | Fishing Ship |
| 5:35 | Crear | Fishing Ship |
| 5:46 | Construir | Dock |
| 5:58 | Crear | Villager (Male) |
| 5:59 | Crear | Villager (Male) |
| 6:22 | Construir | Palisade Wall |
| 6:25 | Construir | Palisade Wall |
| 6:30 | Crear | Villager (Male) |
| 6:30 | Crear | Villager (Male) |
| 6:32 | Crear | Fishing Ship |
| 6:32 | Crear | Fishing Ship |
| 6:32 | Crear | Fishing Ship |
| 6:33 | Crear | Fishing Ship |
| 7:08 | Crear | Villager (Male) |
| 7:08 | Crear | Villager (Male) |
| 7:11 | Crear | Fishing Ship |
| 7:12 | Crear | Fishing Ship |
| 7:22 | Crear | Fishing Ship |
| 7:22 | Crear | Fishing Ship |
| 7:29 | Crear | Villager (Male) |
| 7:29 | Crear | Villager (Male) |
| 7:29 | Crear | Villager (Male) |
| 7:54 | Crear | Villager (Male) |
| 7:57 | Crear | Fishing Ship |
| 8:18 | Construir | Mill |
| 8:34 | Construir | House |
| 8:35 | Construir | House |
| 8:36 | Construir | House |
| 8:51 | Construir | House |
| 8:54 | Construir | House |
| 9:09 | Crear | Villager (Male) |
| 9:16 | Crear | Fishing Ship |
| 9:31 | Crear | Villager (Male) |
| 9:44 | Crear | Fishing Ship |
| 10:05 | Investigar | Feudal Age |
| 10:09 | Investigar | Loom |
| 10:44 | Crear | Villager (Male) |
| 10:51 | Construir | Palisade Wall |
| 11:04 | Crear | Villager (Male) |
| 11:11 | Construir | Barracks |
| 11:26 | Construir | Lumber Camp |
| 12:15 | Edad | Edad Feudal |
| 12:17 | Crear | Villager (Male) |
| 12:27 | Construir | Blacksmith |
| 12:40 | Crear | Galley |
| 12:41 | Crear | Galley |
| 12:45 | Crear | Galley |
| 12:46 | Crear | Galley |
| 13:02 | Crear | Galley |
| 13:05 | Crear | Villager (Male) |
| 13:10 | Investigar | Double-Bit Axe |
| 13:29 | Investigar | Fletching |
| 13:46 | Construir | Archery Range |
| 13:51 | Crear | Villager (Male) |
| 14:04 | Crear | Villager (Male) |
| 14:13 | Crear | Galley |
| 14:14 | Crear | Galley |
| 14:34 | Crear | Galley |
| 14:34 | Crear | Galley |
| 14:38 | Crear | Galley |
| 15:11 | Crear | Villager (Male) |
| 15:11 | Crear | Villager (Male) |
| 15:14 | Crear | Galley |
| 15:14 | Crear | Galley |
| 15:54 | Crear | Villager (Male) |
| 15:54 | Crear | Villager (Male) |
| 16:04 | Crear | Galley |
| 16:05 | Crear | Galley |
| 16:34 | Construir | Dock |
| 16:37 | Construir | Dock |
| 16:41 | Crear | Villager (Male) |
| 16:41 | Crear | Villager (Male) |
| 16:45 | Construir | House |
| 16:46 | Construir | House |
| 16:48 | Construir | House |
| 16:48 | Construir | House |
| 16:50 | Construir | House |
| 16:52 | Construir | House |
| 16:54 | Construir | House |
| 16:54 | Construir | House |
| 16:58 | Crear | Villager (Male) |
| 17:02 | Investigar | Town Watch |
| 18:17 | Crear | Galley |
| 18:18 | Crear | Galley |
| 18:22 | Crear | Fishing Ship ×5 |
| 18:22 | Crear | Fishing Ship ×5 |
| 18:33 | Crear | Villager (Male) |
| 18:36 | Investigar | Castle Age |
| 18:46 | Investigar | Padded Archer Armor |
| 18:56 | Crear | Villager (Male) |
| 19:34 | Crear | Galley |
| 19:35 | Crear | Galley |
| 19:35 | Crear | Galley |
| 20:04 | Construir | Mining Camp |
| 21:16 | Edad | Edad de los Castillos |
| 21:28 | Investigar | War Galley (upgrade) |
| 21:29 | Investigar | Tech 906 |
| 21:34 | Investigar | Bodkin Arrow |
| 21:35 | Investigar | Leather Archer Armor |
| 21:58 | Construir | Town Center |
| 22:08 | Construir | University |
| 22:19 | Construir | Town Center |
| 22:25 | Crear | Villager (Male) |
| 22:26 | Crear | Villager (Male) |
| 22:26 | Crear | Villager (Male) |
| 22:26 | Crear | Villager (Male) |
| 23:22 | Crear | Galley ×5 |
| 23:23 | Crear | Galley ×5 |
| 23:23 | Crear | Galley ×3 |
| 24:13 | Crear | Galley ×4 |
| 24:18 | Crear | Villager (Male) |
| 24:18 | Crear | Villager (Male) |
| 24:18 | Crear | Villager (Male) |
| 25:04 | Crear | Galley ×2 |
| 25:04 | Crear | Galley ×2 |
| 25:23 | Crear | Galley ×2 |
| 25:50 | Investigar | Tech 908 |
| 26:18 | Crear | Villager (Male) ×5 |
| 26:18 | Crear | Villager (Male) ×5 |
| 26:18 | Crear | Villager (Male) ×5 |
| 26:19 | Crear | Villager (Male) ×4 |
| 26:29 | Investigar | Ballistics |
| 26:36 | Crear | Galley ×4 |
| 26:36 | Crear | Galley ×5 |
| 26:36 | Crear | Galley |
| 26:47 | Crear | Villager (Male) ×3 |
| 26:48 | Crear | Villager (Male) ×3 |
| 27:00 | Crear | Villager (Male) |
| 27:00 | Crear | Villager (Male) |
| 27:00 | Crear | Villager (Male) |
| 27:34 | Crear | Galley ×5 |
Cronología de la partida
| 0:22 | TioMg100 · first_building Dock |
| 1:09 | SAPOSECO · first_building Dock |
| 1:18 | duduh69 · first_building Dock |
| 2:07 | Koka Hunter · first_building Dock |
| 3:17 | Prof. Dr. Goethe Cakar · first_building Dock |
| 4:07 | ultrAslan68i · first_building Dock |
| 6:22 | TioMg100 · wall_segment Palisade Wall x9 |
| 6:25 | TioMg100 · wall_segment Palisade Wall x5 |
| 9:48 | duduh69 · first_building Barracks |
| 10:17 | Prof. Dr. Goethe Cakar · age_up feudal |
| 10:51 | TioMg100 · wall_segment Palisade Wall x5 |
| 10:52 | SAPOSECO · first_building Barracks |
| 11:11 | TioMg100 · first_building Barracks |
| 11:12 | Koka Hunter · wall_segment Palisade Wall x15 |
| 11:24 | Koka Hunter · wall_segment Palisade Wall x14 |
| 11:47 | duduh69 · age_up feudal |
| 11:47 | Koka Hunter · wall_segment Palisade Wall x11 |
| 12:01 | Koka Hunter · wall_segment Palisade Wall x13 |
| 12:15 | TioMg100 · age_up feudal |
| 12:15 | duduh69 · first_building Stable |
| 12:32 | ultrAslan68i · age_up feudal |
| 12:40 | SAPOSECO · age_up feudal |
| 12:50 | Koka Hunter · age_up feudal |
| 13:46 | TioMg100 · first_building Archery Range |
| 15:50 | ultrAslan68i · first_market_sell 100 wood |
| 17:35 | Prof. Dr. Goethe Cakar · age_up castle |
| 19:19 | ultrAslan68i · age_up castle |
| 19:25 | Koka Hunter · first_market_sell 100 food |
| 19:54 | Koka Hunter · first_market_buy 100 food |
| 20:52 | duduh69 · first_market_sell 100 wood |
| 20:56 | duduh69 · first_market_buy 100 food |
| 21:12 | SAPOSECO · first_building Stable |
| 21:16 | TioMg100 · age_up castle |
| 22:50 | Koka Hunter · age_up castle |
| 23:38 | duduh69 · age_up castle |
| 23:39 | Koka Hunter · first_building Monastery |
| 23:53 | SAPOSECO · age_up castle |
| 24:16 | Koka Hunter · wall_segment Stone Wall x11 |
| 24:54 | Koka Hunter · wall_segment Stone Wall x17 |
| 25:01 | duduh69 · first_building Castle |
| 26:04 | Koka Hunter · wall_segment Stone Wall x8 |
| 26:37 | Koka Hunter · first_building Castle |
| 26:47 | Prof. Dr. Goethe Cakar · first_market_sell 100 wood |
| 27:07 | ultrAslan68i · first_building Monastery |
| 27:11 | Prof. Dr. Goethe Cakar · age_up imperial |
| 30:08 | Koka Hunter · wall_segment Stone Wall x11 |
| 30:29 | Koka Hunter · wall_segment Stone Wall x15 |
| 30:52 | Koka Hunter · wall_segment Stone Wall x14 |
| 30:59 | ultrAslan68i · first_building Barracks |
| 31:35 | Koka Hunter · wall_segment Stone Wall x1 |
| 31:41 | Prof. Dr. Goethe Cakar · first_building Barracks |
| 31:47 | TioMg100 · first_building Castle |
| 32:20 | Koka Hunter · wall_segment Stone Wall x19 |
| 33:10 | SAPOSECO · first_building Castle |
| 34:28 | Koka Hunter · age_up imperial |
| 34:29 | Prof. Dr. Goethe Cakar · first_building Castle |
| 34:49 | SAPOSECO · age_up imperial |
| 37:19 | duduh69 · first_building Monastery |
| 37:58 | Prof. Dr. Goethe Cakar · wall_segment Stone Wall x10 |
| 40:30 | Koka Hunter · wall_segment Palisade Wall x11 |
| 41:17 | TioMg100 · age_up imperial |
| 41:26 | ultrAslan68i · first_building Stable |
| 41:53 | Koka Hunter · wall_segment Stone Wall x8 |
| 42:33 | duduh69 · age_up imperial |
| 43:16 | Koka Hunter · wall_segment Stone Wall x6 |
| 44:23 | duduh69 · first_building Siege Workshop |
| 45:26 | TioMg100 · first_building Siege Workshop |
| 45:47 | Koka Hunter · first_building Barracks |
| 47:05 | Koka Hunter · first_building Archery Range |
| 47:12 | Koka Hunter · first_building Stable |
| 47:23 | ultrAslan68i · first_building Castle |
| 48:17 | Prof. Dr. Goethe Cakar · resign |
[ ANÁLISIS IA · 1 CRÉDITO ]
¿Qué pasó realmente en esta partida?
Wolo.gg analiza cada decisión: build order, eco, micro, errores típicos por bracket. Análisis personalizado por WhatsApp o Discord en 30 segundos.
Guía civ
Persas
Guía mapa
Pilgrims
Perfil
Jugador #1177952